 Dungeon Crawl Stone Soup version 0.24-a0-189-g5d897e9 (webtiles) character file.

Game seed: 596236309481221499

39 Lanoc the Slasher (level 3, -1/26 HPs)
             Began as an Octopode Berserker on Mar 16, 2019.
             Was a Follower of Trog.
             Slain by a hobgoblin
             ... wielding a +0 club
              (3 damage)
             ... on level 1 of the Dungeon.
             The game lasted 00:01:12 (348 turns).

Lanoc the Slasher (Octopode Berserker)               Turns: 348, Time: 00:01:13

Health: -1/26      AC:  1    Str: 16    XL:     3   Next: 47%
Magic:  3/3        EV: 14    Int:  9    God:    Trog [*.....]
Gold:   13         SH:  0    Dex: 12    Spells: 2/2 levels left

rFire    . . .     SeeInvis .   a - +0 falchion
rCold    . . .     Gourm    .   (no shield)
rNeg     . . .     Faith    .   (helmet restricted)
rPois    .         Spirit   .   (no amulet)
rElec    .         Reflect  .   (no ring)
rCorr    .         Harm     .   (no ring)
MR       .....                  (no ring)
Stlth    +++.......             (no ring)
HPRegen  0.08/turn              (no ring)
MPRegen  0.08/turn              (no ring)
                                (no ring)
                                (no ring)

@: berserk cooldown, slowed, very slow
A: almost no armour, stealthy swim, amphibious, 8 rings, constrict 8, camouflage
1, gelatinous body 1
a: Berserk, Renounce Religion


You were on level 1 of the Dungeon.
You worshipped Trog.
Trog was aware of your devotion.
You were not hungry.

You visited 1 branch of the dungeon, and saw 2 of its levels.

You collected 13 gold pieces.

Inventory:

Hand Weapons
 a - a +0 falchion (weapon)
Potions
 d - a potion of haste {unknown}
 e - a potion of agility {unknown}
Comestibles
 b - a ration
 c - 8 chunks of flesh


   Skills:
 + Level 3.3 Fighting
 * Level 3.6 Long Blades
 + Level 3.3 Dodging
 + Level 1.7 Stealth


You had 2 spell levels left.
You didn't know any spells.
Your spell library was empty.

Dungeon Overview and Level Annotations

Branches:
Dungeon (2/15)

Altars:


Innate Abilities, Weirdness & Mutations

You cannot wear most types of armour.
You are very stealthy in the water. (Stealth+)
You are amphibious.
You can wear up to eight rings at the same time.
You can use your tentacles to constrict eight enemies at once.
Your skin changes colour to match your surroundings (Stealth+).
Your rubbery body absorbs attacks. (AC +1, EV +1)


Message History

A frilled lizard comes into view.
An adder comes into view.
A leopard gecko comes into view.
A jackal comes into view.
The hobgoblin hits you with a +0 club.
The leopard gecko moves out of view.
A jackal comes into view. x2
The hobgoblin hits you with a +0 club.
* * * LOW HITPOINT WARNING * * *
The jackal barks!
You hear a bark!
The hobgoblin misses you.
There is a stone staircase leading up here.
The hobgoblin hits you with a +0 club.
* * * LOW HITPOINT WARNING * * *
The hobgoblin closely misses you.
You climb upwards.
There is a stone staircase leading down here.
You barely miss the hobgoblin. Your grab misses the hobgoblin.
The hobgoblin hits you but does no damage.
You barely miss the hobgoblin. You grab the hobgoblin.
You constrict the hobgoblin, but do no damage.
The hobgoblin hits you with a +0 club.
You die...

#### ....
################
#............#
###.##########.#
.....#########.###
...............g@#
...รทรท..###########
....)..# .......#
.....### .....#
###.## #.# #.#


You could see a hobgoblin.

Vanquished Creatures
  A gnoll (D:1)
  2 worms (D:2)
  2 dart slugs (D:1)
  A bat (D:1)
  A giant cockroach (D:2)
  2 goblins
  4 hobgoblins
  3 jackals (D:1)
  A kobold (D:1)
  A rat (D:2)
18 creatures vanquished.

Notes
Turn   | Place    | Note
-------+----------+-------------------------------------------
     0 | D:1      | Lanoc the Octopode Berserker began the quest for the Orb.
     0 | D:1      | Reached XP level 1. HP: 16/16 MP: 1/1
     8 | D:1      | Reached skill level 1 in Stealth
     8 | D:1      | Reached XP level 2. HP: 21/21 MP: 2/2
   151 | D:1      | Reached XP level 3. HP: 21/26 MP: 3/3
   348 | D:1      | Slain by a hobgoblin

Levels and vault maps discovered:
D:1:      dpeg_arrival_tiny_c, layout_basic
D:2:      kennysheep_big_flooded_room, layout_rooms, wad_floor_pattern_2

Skill      XL: |  1 |
---------------+----+-----
Stealth        | 1 |  1.7
Fighting       | |  3.3
Long Blades    | |  3.6
Dodging        | |  3.3

Action                   || total
-------------------------++-------
Melee: Falchion          ||    31
       Constrict         ||    12
       Tentacles         ||     8
Invok: Berserk           ||     1
Dodge: Dodged            ||    27
       Rpst.: Falchion   ||     7

Table legend:
 A = Non-vault XP
 B = Vault XP
 C = Vault XP percentage of total XP
 D = Non-vault monster count
 E = Vault monster count
 F = Vault count percentage of total count
                 A         B        C        D         E       F
            +---------+---------+-------+---------+---------+-------
      Total |      57 |       0 |   0.0 |      18 |       0 |   0.0
            +---------+---------+-------+---------+---------+-------
        D:1 |      40 |       0 |   0.0 |      12 |       0 |   0.0
        D:2 |      17 |       0 |   0.0 |       6 |       0 |   0.0
            +---------+---------+-------+---------+---------+-------
